Map: [ESL] Goldenaura

Players

Astrea - Winner!

  • Race: Protoss Protoss
  • Spawn Location: 5:00

Kelazhur

  • Race: Terran Terran
  • Spawn Location: 12:00

Event: ESL SC2 Masters 2024 Spring (Regional)

VOD

Have the link to the VOD?

Description

Time

  • Played on: May 4, 2024, 2:04 p.m.
  • Length: 11:16

All games in this series

Show
View Real Time Build Order
Export as new Build Order

Astrea Protoss - Winner!

Build Orders: 1 Gate Expand, Blink Stalkers 

Get SALT Encoding   

  12  0:00  Probe  
  13  0:12  Probe  
  14  0:17  Pylon  
  14  0:24  Probe (Chrono Boost)  
  15  0:36  Probe (Chrono Boost)  
  15  0:37  Gateway  
  16  0:45  Probe (Chrono Boost)  
  16  0:47  Assimilator  
  17  0:51  Probe  
  18  1:03  Probe  
  19  1:15  Probe  
  21  1:33  Cybernetics Core  
  21  1:41  Nexus  
  21  1:44  Probe  
  21  1:53  Pylon  
  21  1:56  Probe  
  22  2:03  Assimilator  
  22  2:09  Probe, Adept (Chrono Boost)  
  25  2:16  Warp Gate  
  25  2:22  Probe  
  26  2:29  Pylon  
  26  2:32  Adept (Chrono Boost)  
  26  2:36  Probe  
  29  2:48  Probe  
  29  2:51  Shield Battery  
  30  2:53  Probe  
  30  3:00  Probe, Adept (Chrono Boost)  
  30  3:05  Probe  
  34  3:08  Twilight Council  
  34  3:12  Probe  
  35  3:17  Probe  
  36  3:24  Probe  
  36  3:27  Sentry, Gateway  
  37  3:29  Probe  
  40  3:36  Probe  
  40  3:38  Blink (Chrono Boost)  
  40  3:41  Probe  
  41  3:49  Probe  
  41  3:55  Probe  
  42  4:00  Phoenix  
  41  4:04  Probe  
  41  4:05  Stalker  
  41  4:08  Pylon  
  44  4:10  Probe  
  44  4:16  Probe  
  46  4:20  Nexus  
  46  4:22  Pylon  
  46  4:26  Probe  
  46  4:29  Probe  
  48  4:31  Robotics Facility  
  48  4:39  Probe  
  48  4:41  Probe  
  50  4:46  Stalker x2  
  50  4:51  Probe  
  55  4:53  Pylon, Probe  
  56  5:03  Pylon, Probe  
  56  5:05  Probe  
  55  5:13  Stalker x2  
  59  5:15  Probe  
  59  5:17  Probe  
  57  5:22  Observer  
  57  5:26  Charge (Chrono Boost)  
  57  5:27  Probe  
  57  5:29  Probe  
  57  5:31  Forge  
  57  5:33  Forge  
  58  5:36  Probe (Chrono Boost)  
  58  5:39  Probe (Chrono Boost)  
  58  5:41  Probe (Chrono Boost)  
  61  5:48  Probe (Chrono Boost)  
  63  5:50  Observer  
  63  5:51  Probe (Chrono Boost)  
  63  5:52  Probe (Chrono Boost)  
  63  5:54  Probe (Chrono Boost)  
  63  5:55  Probe (Chrono Boost)  
  66  5:57  Probe (Chrono Boost)  
  66  5:58  Nexus  
  66  6:02  Pylon, Probe  
  69  6:05  Probe  
  69  6:09  Protoss Ground Armor Level 1 (Chrono Boost), Probe  
  71  6:14  Probe  
  71  6:17  Protoss Ground Weapons Level 1 (Chrono Boost), Probe  
  73  6:18  Pylon  
  73  6:21  Probe  
  74  6:26  Gateway  
  74  6:28  Probe, Gateway  
  74  6:30  Probe  
  76  6:33  Probe  
  76  6:34  Gateway  
  76  6:36  Gateway  
  77  6:40  Probe  
  77  6:42  Probe  
  77  6:45  Gateway  
  77  6:46  Gateway  
  79  6:47  Pylon  
  79  6:53  Stalker x2  
  83  6:57  Probe  
  83  7:00  Probe  
  84  7:02  Probe  
  82  7:09  Probe  
  82  7:13  Probe  
  82  7:14  Probe  
  82  7:15  Probe  
  86  7:18  Gateway x2  
  86  7:25  Zealot x4  
  93  7:31  Observer, Probe x2  
  93  7:32  Probe x2  
  93  7:33  Pylon  
  96  7:38  Zealot x2  
  96  7:43  Zealot x2, Probe  
  105  7:44  Probe  
  105  7:46  Probe  
  105  7:48  Zealot x4  
  115  7:52  Protoss Ground Weapons Level 2 (Chrono Boost)  
  115  7:54  Protoss Ground Armor Level 2 (Chrono Boost)  
  115  7:58  Probe  
  114  8:02  Probe  
  114  8:04  Zealot x2  
  114  8:05  Zealot x2  
  113  8:08  Zealot x4  
  119  8:17  Zealot x2  
  121  8:21  Observer  
  121  8:26  Zealot x4  
  114  8:28  Probe x2  
  114  8:30  Stalker x3  
  103  8:34  Stalker  
  103  8:36  Probe  
  103  8:37  Probe  
  103  8:40  Probe x2  
  101  8:48  Zealot x6, Probe  
  113  8:49  Probe  
  113  8:52  Probe  
  113  8:54  Zealot, Sentry  
  113  8:55  Zealot  
  122  8:56  Probe  
  122  9:01  Probe  
  120  9:04  Zealot  
  120  9:05  Warp Prism, Probe  
  123  9:13  Probe x2  
  125  9:19  Probe x2  
  125  9:21  Zealot  
  125  9:22  Zealot  
  131  9:24  Pylon  
  131  9:25  Probe  
  131  9:26  Pylon  
  131  9:27  Pylon  
  132  9:36  Nexus  
  132  9:44  Zealot x8  
  148  9:48  Zealot x2  
  152  10:11  Stalker x2  
  156  10:15  Pylon  
  156  10:16  Pylon  
  156  10:25  Zealot x2  
  151  10:30  Probe x4  
  151  10:34  Assimilator  
  151  10:35  Zealot x8  
  165  10:42  Probe  
  165  10:47  Probe x3  
  147  11:00  Zealot x9  
  161  11:04  Pylon  
  161  11:06  Pylon  
  161  11:08  Pylon  
  161  11:09  Pylon, Zealot  
Show
View Real Time Build Order
Export as new Build Order

Kelazhur Terran 

Build Orders: Reaper Expand 

Get SALT Encoding   

  12  0:00  SCV  
  13  0:12  SCV  
  14  0:17  Supply Depot  
  14  0:24  SCV  
  15  0:39  Barracks  
  15  0:44  Refinery  
  15  0:51  SCV  
  16  1:03  SCV  
  17  1:15  SCV  
  16  1:27  SCV  
  16  1:28  Barracks  
  17  1:39  SCV  
  18  1:51  SCV  
  19  2:15  Command Center  
  19  2:16  Reaper  
  19  2:18  Factory, Orbital Command  
  20  2:27  Supply Depot  
  20  2:40  Refinery  
  21  2:44  SCV  
  21  2:48  Marine  
  22  2:56  SCV  
  23  3:05  Cyclone  
  24  3:07  Marine  
  24  3:08  SCV  
  26  3:20  SCV  
  26  3:21  Starport  
  26  3:25  Marine  
  28  3:27  Orbital Command  
  28  3:32  SCV  
  29  3:41  Cyclone  
  31  3:45  SCV  
  32  3:54  Orbital Command  
  32  3:59  Medivac  
  34  4:05  SCV  
  34  4:06  Barracks Reactor  
  34  4:14  Factory Tech Lab  
  34  4:18  SCV  
  34  4:21  Barracks  
  34  4:22  SCV  
  36  4:25  Barracks  
  36  4:30  SCV, Starport Tech Lab  
  37  4:34  SCV  
  37  4:37  Siege Tank  
  41  4:42  SCV, Bunker  
  41  4:44  Supply Depot  
  41  4:45  Marine  
  42  4:46  SCV  
  42  4:48  Marine  
  45  4:54  SCV  
  46  5:06  SCV, Raven  
  49  5:07  SCV  
  49  5:09  Siege Tank  
  49  5:10  Marine  
  49  5:11  Barracks Tech Lab  
  49  5:13  Supply Depot  
  54  5:19  SCV, Marine  
  54  5:23  SCV  
  51  5:29  Refinery, Engineering Bay, Marine x2  
  51  5:31  SCV, Refinery  
  51  5:34  Marine  
  55  5:36  Supply Depot  
  55  5:39  Supply Depot  
  55  5:40  SCV  
  56  5:45  Siege Tank  
  59  5:50  SCV  
  59  5:51  Marine x2  
  59  5:55  Terran Infantry Weapons Level 1  
  62  5:58  SCV  
  62  6:03  Marine x2  
  65  6:04  Stimpack  
  65  6:06  SCV  
  65  6:10  SCV, Supply Depot  
  67  6:13  Marine  
  67  6:14  Marine  
  67  6:16  Combat Shield  
  67  6:18  SCV  
  70  6:22  Starport Reactor  
  70  6:23  SCV, Supply Depot  
  70  6:25  Marauder  
  75  6:26  Marauder  
  75  6:30  SCV  
  76  6:33  Marine  
  76  6:35  SCV, Marine  
  76  6:36  Supply Depot  
  79  6:42  SCV, Supply Depot  
  79  6:44  Factory Reactor  
  79  6:47  SCV, Supply Depot  
  80  6:48  Marauder  
  80  6:51  Marauder  
  85  6:55  Supply Depot  
  85  7:03  Marine x2  
  87  7:09  Medivac x2  
  87  7:10  Marauder  
  87  7:14  Marauder  
  95  7:21  Marine x2  
  94  7:25  Widow Mine x2  
  95  7:30  SCV  
  95  7:31  Marauder  
  95  7:35  Marauder  
  100  7:39  Medivac x2  
  100  7:43  Marine x2  
  106  7:50  SCV x2  
  108  7:53  Marauder  
  110  8:02  Marauder  
  95  8:08  Marine x2  
  95  8:09  Widow Mine  
  95  8:10  Widow Mine  
  100  8:14  Marauder  
  102  8:23  Marauder  
  102  8:26  Marine x2  
  88  8:31  Widow Mine  
  88  8:34  SCV x2  
  73  8:36  Marauder  
  63  8:44  Marine  
  63  8:45  Marine, Marauder  
  63  8:46  SCV x2  
  64  8:52  Terran Infantry Armor Level 1  
  64  8:56  Marine  
  64  8:58  SCV  
  64  8:59  SCV  
  64  9:02  Marine  
  65  9:03  Marine  
  65  9:05  Marine  
  65  9:06  Widow Mine  
  65  9:08  Widow Mine  
  69  9:10  SCV  
  69  9:11  SCV  
  69  9:14  Concussive Shells, Marine  
  72  9:19  Marine  
  72  9:21  Marine  
  72  9:22  SCV  
  76  9:25  Marauder  
  76  9:27  Medivac x2  
  76  9:29  Widow Mine  
  85  9:31  Widow Mine  
  85  9:37  Marine, Marauder  
  88  9:38  Marine  
  89  9:47  Marauder  
  89  9:50  SCV x2  
  89  9:51  Widow Mine  
  97  9:53  Widow Mine  
  97  9:55  Marine  
  97  9:56  Marine  
  99  10:01  Marauder  
  99  10:05  Medivac x2  
  105  10:12  Widow Mine  
  109  10:14  Widow Mine  
  109  10:15  Marine x2  
  109  10:16  Marauder  
  113  10:23  Marauder  
  114  10:33  Marine  
  113  10:37  Marauder, Marine  
  109  10:44  Marine  
  103  10:51  Marine  
  103  10:55  Marine  
Tags
 
Add a new tag
Caveats
  • Supply blocks, unpowered buildings, or Contaminate may cause inaccurate times.
  • Supply counts are checked every 10 seconds.